[gd_scene load_steps=6 format=2]

[ext_resource path="res://testing_block.tscn" type="PackedScene" id=1]
[ext_resource path="res://assets/sprites/man_walk1.png" type="Texture" id=2]
[ext_resource path="res://testing.gd" type="Script" id=3]

[sub_resource type="PhysicsMaterial" id=2]
friction = 0.5
bounce = 0.1

[sub_resource type="RectangleShape2D" id=3]
extents = Vector2( 10, 12 )

[node name="test world" type="Node2D"]
script = ExtResource( 3 )

[node name="walls" type="Node" parent="."]

[node name="block" parent="walls" instance=ExtResource( 1 )]
position = Vector2( 192, 144 )

[node name="block9" parent="walls" instance=ExtResource( 1 )]
position = Vector2( 304, 144 )

[node name="block24" parent="walls" instance=ExtResource( 1 )]
position = Vector2( 16, 128 )

[node name="block28" parent="walls" instance=ExtResource( 1 )]
position = Vector2( 16, 128 )

[node name="block29" parent="walls" instance=ExtResource( 1 )]
position = Vector2( 16, 64 )

[node name="block30" parent="walls" instance=ExtResource( 1 )]
position = Vector2( 16, 80 )

[node name="block31" parent="walls" instance=ExtResource( 1 )]
position = Vector2( 16, 96 )

[node name="block32" parent="walls" instance=ExtResource( 1 )]
position = Vector2( 16, 112 )

[node name="block25" parent="walls" instance=ExtResource( 1 )]
position = Vector2( 288, 144 )

[node name="block26" parent="walls" instance=ExtResource( 1 )]
position = Vector2( 272, 144 )

[node name="block27" parent="walls" instance=ExtResource( 1 )]
position = Vector2( 256, 144 )

[node name="block17" parent="walls" instance=ExtResource( 1 )]
position = Vector2( 320, 144 )

[node name="block18" parent="walls" instance=ExtResource( 1 )]
position = Vector2( 336, 144 )

[node name="block19" parent="walls" instance=ExtResource( 1 )]
position = Vector2( 352, 144 )

[node name="block20" parent="walls" instance=ExtResource( 1 )]
position = Vector2( 368, 144 )

[node name="block21" parent="walls" instance=ExtResource( 1 )]
position = Vector2( 384, 144 )

[node name="block22" parent="walls" instance=ExtResource( 1 )]
position = Vector2( 400, 144 )

[node name="block23" parent="walls" instance=ExtResource( 1 )]
position = Vector2( 416, 144 )

[node name="block10" parent="walls" instance=ExtResource( 1 )]
position = Vector2( 16, 144 )

[node name="block11" parent="walls" instance=ExtResource( 1 )]
position = Vector2( 32, 144 )

[node name="block12" parent="walls" instance=ExtResource( 1 )]
position = Vector2( 48, 144 )

[node name="block13" parent="walls" instance=ExtResource( 1 )]
position = Vector2( 240, 144 )

[node name="block14" parent="walls" instance=ExtResource( 1 )]
position = Vector2( 224, 144 )

[node name="block15" parent="walls" instance=ExtResource( 1 )]
position = Vector2( 208, 144 )

[node name="block16" parent="walls" instance=ExtResource( 1 )]
position = Vector2( 64, 144 )

[node name="block2" parent="walls" instance=ExtResource( 1 )]
position = Vector2( 176, 144 )

[node name="block3" parent="walls" instance=ExtResource( 1 )]
position = Vector2( 160, 144 )

[node name="block4" parent="walls" instance=ExtResource( 1 )]
position = Vector2( 144, 144 )

[node name="block5" parent="walls" instance=ExtResource( 1 )]
position = Vector2( 128, 144 )

[node name="block6" parent="walls" instance=ExtResource( 1 )]
position = Vector2( 112, 144 )

[node name="block8" parent="walls" instance=ExtResource( 1 )]
position = Vector2( 80, 144 )

[node name="block7" parent="walls" instance=ExtResource( 1 )]
position = Vector2( 96, 144 )

[node name="RigidMan" type="RigidBody2D" parent="."]
visible = false
position = Vector2( 384, 96 )
mode = 2
physics_material_override = SubResource( 2 )
__meta__ = {
"_edit_group_": true
}

[node name="Sprite" type="Sprite" parent="RigidMan"]

[node name="man_walk1" type="Sprite" parent="RigidMan/Sprite"]
texture = ExtResource( 2 )

[node name="CollisionShape2D" type="CollisionShape2D" parent="RigidMan"]
shape = SubResource( 3 )

[node name="RigidMan2" type="KinematicBody2D" parent="."]
position = Vector2( 384, 128 )
__meta__ = {
"_edit_group_": true
}

[node name="Sprite" type="Sprite" parent="RigidMan2"]

[node name="man_walk1" type="Sprite" parent="RigidMan2/Sprite"]
texture = ExtResource( 2 )

[node name="CollisionShape2D" type="CollisionShape2D" parent="RigidMan2"]
shape = SubResource( 3 )
